 Dungeon Crawl Stone Soup version 0.27-a0-679-g77a6b55cf3 (webtiles) character file.

Game seed: 8186214098256453048

6 DarkShadow the Skirmisher (level 1, 0/24 HPs)
             Began as an Ogre Berserker on Mar 19, 2021.
             Was a Follower of Trog.
             Succumbed to a goblin's poison
             ... on level 1 of the Dungeon.
             The game lasted 00:00:45 (1748 turns).

DarkShadow the Skirmisher (Ogre Berserker)          Turns: 1748, Time: 00:00:46

Health: 0/24       AC:  3    Str: 20    XL:     1   Next: 90%
Magic:  1/1        EV: 10    Int:  8    God:    Trog [*.....]
Gold:   24         SH:  0    Dex:  8    Spells: 0/0 levels left

rFire    . . .     SeeInvis .   a - +0 hand axe
rCold    . . .     Faith    .   (no shield)
rNeg     . . .     Spirit   .   b - +0 animal skin
rPois    .         Reflect  .   (helmet restricted)
rElec    .         Harm     .   (no cloak)
rCorr    .         Rampage  .   (gloves unavailable)
Will     .....                  (boots unavailable)
Stlth    +.........             (no amulet)
HPRegen  0.08/turn              (no ring)
MPRegen  0.07/turn              (no ring)

@: lethally poisoned (0 -> -34)
A: large, unfitting armour, tough skin 1
a: Renounce Religion, Berserk


You were on level 1 of the Dungeon.
You worshipped Trog.
Trog was aware of your devotion.
You visited 1 branch of the dungeon, and saw 1 of its levels.

You collected 24 gold pieces.

Inventory:

Hand Weapons
 a - a +0 hand axe (weapon)
Armour
 b - a +0 animal skin (worn)
Jewellery
 d - an amulet of the acrobat
Scrolls
 c - a scroll of enchant armour {unknown}


   Skills:
 + Level 4.2 Fighting
 + Level 3.2 Axes
 + Level 2.7 Dodging


You couldn't memorise any spells.
You didn't know any spells.
Your spell library was empty.

Dungeon Overview and Level Annotations

Branches:
Dungeon (1/15)

Altars:


Innate Abilities, Weirdness & Mutations

You are too large for most types of armour.
You have tough skin. (AC +1)


Message History

HP restored.
d - an amulet of the acrobat A ball python comes into view.
The ball python hisses angrily.
A kobold comes into view. It is wielding a +0 whip.
A ball python comes into view.
The kobold shouts!
A bat comes into view.
A goblin comes into view. It is wielding a +0 dagger of venom.
The ball python hisses angrily.
The goblin shouts!
The bat barely misses you. The bat hits you but does no damage.
The bat hits you but does no damage.
You closely miss the bat. You hit the ball python.
You kill the ball python!
Trog accepts your kill. The bat barely misses you.
The bat hits you but does no damage. The bat hits you but does no damage.
You closely miss the ball python. The bat closely misses you.
The ball python bites you.
The kobold throws a stone.
The stone barely misses you.
You barely miss the ball python. The bat barely misses you.
The ball python closely misses you.
You hit the ball python.
You kill the ball python!
Trog accepts your kill.
You hit the goblin. You barely miss the bat.
The bat hits you but does no damage. The bat barely misses you.
The goblin hits you with a +0 dagger of venom.
You are poisoned.
The goblin hits you with a +0 dagger of venom.
You are more poisoned.
A bat comes into view.
You feel sick. The bat barely misses you. The kobold hits you with a +0 whip.
The goblin hits you with a +0 dagger of venom.
* * * LOW HITPOINT WARNING * * *
You are more poisoned.
The bat moves out of view.
You closely miss the kobold. You barely miss the goblin.
You die...

.........[......... .....
................# ....
#####.##........#####..#
#####...........##.....##
........................##
########.................#
# ##†................# #
#.(.....b.K........# #
#.†.......@†.......# #
#.........g..?.....# #
##.................. #
#.>................. #
#................... #
#................... #
##..................
##.................
####.......


You could see a goblin, a bat and a kobold.

Vanquished Creatures
  A leopard gecko (D:1)
  A giant cockroach (D:1)
  2 ball pythons (D:1)
  A bat (D:1)
  A frilled lizard (D:1)
6 creatures vanquished.

Notes
Turn   | Place    | Note
-------+----------+-------------------------------------------
     0 | D:1      | DarkShadow the Ogre Berserker began the quest for the Orb.
     0 | D:1      | Reached XP level 1. HP: 24/24 MP: 1/1
  1748 | D:1      | Succumbed to a goblin's poison

Illustrated notes

Levels and vault maps discovered:
D:1:      tarquinn_simple_flora_water_f, layout_rooms, serial_bayou_pond_a,
          chequers_serial_rivers_small_b

Action                   || total
-------------------------++-------
Melee: Hand axe          ||    14
Invok: Berserk           ||     1
Armor: Animal skin       ||    10
Dodge: Dodged            ||    15

Table legend: (Time is in decaauts)
 A = Elapsed time spent in this place.
 B = Non-inter-level travel time spent in this place.
 C = Inter-level travel time spent in this place.
 D = Time resting spent in this place.
 E = Time spent auto-exploring this place.
 F = Levels seen in this place.
 G = Mean time per level.
                   A        B        C        D        E       F      G
               +--------+--------+--------+--------+--------+-----+--------+
         Total |   1762 |   1762 |      0 |   1637 |     34 |   1 | 1762.0 |
       Dungeon |   1762 |   1762 |      0 |   1637 |     34 |   1 | 1762.0 |
               +--------+--------+--------+--------+--------+-----+--------+

Top non-repeatable levels by time:
     D:1: 1762 daAuts
